 Dungeon Crawl Stone Soup version 0.23-a0-767-gdc19b93d68 (webtiles) character file.

72 Hercules1031 the Ducker (level 4, 0/23 HPs)
             Began as a Spriggan Monk on Jan 27, 2019.
             Slain by a hobgoblin
             ... wielding a +0 spear
              (3 damage)
             ... on level 2 of the Dungeon.
             The game lasted 00:03:54 (1332 turns).

Hercules1031 the Ducker (Spriggan Monk)             Turns: 1332, Time: 00:03:55

Health: 0/23       AC:  2    Str: 12    XL:     4   Next: 6%
Magic:  4/4        EV: 21    Int: 11    God:
Gold:   0          SH:  0    Dex: 19    Spells: 3/3 levels left

rFire    . . .     SeeInvis +   a - +0 short sword
rCold    . . .     Gourm    .   (shield restricted)
rNeg     . . .     Faith    .   b - +0 robe
rPois    .         Spirit   .   (helmet restricted)
rElec    .         Reflect  .   (no cloak)
rCorr    .         Harm     .   (gloves unavailable)
MR       .....     Clarity  +   (boots unavailable)
Stlth    +++.......             (no amulet)
HPRegen  0.07/turn              (no ring)
MPRegen  0.09/turn              (no ring)

@: mighty, very quick
A: very small, unfitting armour, antennae 1, hooves 1, see invisible, clarity,
herbivore, speed 3, low mp 1, slow metabolism 2
a: no special abilities


You were on level 2 of the Dungeon.
You were not hungry.

You visited 1 branch of the dungeon, and saw 2 of its levels.

Inventory:

Hand Weapons
 a - a +0 short sword (weapon)
Armour
 b - a +0 robe (worn)
Scrolls
 d - a scroll of remove curse
 g - a scroll of identify
Comestibles
 c - 3 rations


   Skills:
 + Level 2.8 Fighting
 + Level 3.8 Short Blades
 + Level 5.1 Dodging
 * Level 5.0 Stealth


You had 3 spell levels left.
You didn't know any spells.
Your spell library was empty.

Dungeon Overview and Level Annotations

Branches:
Dungeon (2/15)

Altars:

Annotations:
D:2 Jessica


Innate Abilities, Weirdness & Mutations

You are very small and have problems with some larger weapons.
You are too small for most types of armour.
You have supernaturally acute eyesight. (SInv)
You are a herbivore.
You cover ground extremely quickly.
You need to consume almost no food.
You have a pair of small antennae on your head.
You have large cloven feet.
You possess an exceptional clarity of mind.
Your magical capacity is low. (-10% MP)


Message History

You puncture the quokka!
You kill the quokka!
Jessica misses you. Jessica completely misses you.
You barely miss Jessica. Your kick misses Jessica.
Jessica is no longer moving quickly.
Jessica shouts, "You're disturbing me!
I'll have to kill you!" Jessica misses you.
You closely miss Jessica. Your kick misses Jessica.
Jessica gestures wildly while chanting.
Jessica blinks!
Jessica points at you and mumbles some strange words.
Pain shoots through your body!
* * * LOW HITPOINT WARNING * * *
You see here a quokka corpse.
Jessica casts a spell at you.
You easily resist.
You see here a tubular silver ring.
You hit Jessica but do no damage. Jessica closely misses you.
The hobgoblin hits you from afar with a +0 spear.
You die...

#.#,,,,,,,,,#..##..##
#.#,*****,.....*##.##
#.#,*** *.#.##,* #..#
#.#,,,* *,#,,,,* ##..
#@###+###.#*******#..
#.#.......#*,,,,,*#..
#.#.†.....#*,***+*#..
#.g...?...##,**,,,...
###.@.......,**,,....
#..@..<###*,+,....#
#......# *,*,.(..#
#......#***,*,,,,,*
#......#,,,,,,***<,
#......#,**,,,*****
#......#,*,,,,,,,,,
########,*,*,******
*,,,*,,,,,*,


You could see Jessica and a hobgoblin.

Vanquished Creatures
  Natasha (D:2)
  An adder (D:2)
  An ooze (D:1)
  2 dart slugs
  A leopard gecko (D:2)
  A ball python (D:1)
  6 bats (D:1)
  2 giant cockroaches
  A hobgoblin (D:1)
  A quokka (D:2)
  2 frilled lizards (D:1)
  2 goblins (D:1)
  6 kobolds
  2 rats (D:1)
29 creatures vanquished.

Notes
Turn   | Place    | Note
-------+----------+-------------------------------------------
     0 | D:1      | Hercules1031 the Spriggan Monk began the quest for the Orb.
     0 | D:1      | Reached XP level 1. HP: 11/11 MP: 2/2
   145 | D:1      | Reached XP level 2. HP: 16/16 MP: 3/3
   156 | D:1      | Gained mutation: You possess an exceptional clarity of
                  | mind. [potion of mutation]
   156 | D:1      | Gained mutation: Your magical capacity is low. (-10% MP)
                  | [potion of mutation]
   156 | D:1      | Gained mutation: You have large cloven feet. [potion of
                  | mutation]
   156 | D:1      | Gained mutation: You have a pair of small antennae on your
                  | head. [potion of mutation]
   682 | D:1      | Reached XP level 3. HP: 19/19 MP: 3/3
  1264 | D:2      | Noticed Natasha
  1269 | D:2      | Noticed Jessica
  1271 | D:2      | Killed Natasha
  1271 | D:2      | Reached skill level 5 in Dodging
  1286 | D:2      | Reached skill level 5 in Stealth
  1286 | D:2      | Reached XP level 4. HP: 18/23 MP: 4/4
  1332 | D:2      | Slain by a hobgoblin

Vault maps used:
D:1:      lemuel_arrival_tunnels, st_stairs_10
D:2:      gammafunk_temple_overflow_forgotten, first_ration, amethyst_killhole,
          kennysheep_generic_room_5, uniq_terence, uniq_jessica, uniq_natasha

Skill      XL: |  1  2  3 |
---------------+----------+-----
Stealth        | 4 5 |  5.0
Dodging        | 5 |  5.1
Fighting       | |  2.8
Short Blades   | |  3.8

Action                   |  1- 3 |  4- 6 || total
-------------------------+-------+-------++-------
Melee: Short sword       |    74 |    11 ||    85
       Kick              |     9 |     1 ||    10
  Use: Potion            |     4 |     1 ||     5
       Scroll            |       |     3 ||     3
 Stab: Sleeping          |     7 |       ||     7
Armor: Skin              |    13 |       ||    13
       Robe              |     7 |     1 ||     8
Dodge: Dodged            |    63 |    26 ||    89

Table legend:
 A = Non-vault XP
 B = Vault XP
 C = Vault XP percentage of total XP
 D = Non-vault monster count
 E = Vault monster count
 F = Vault count percentage of total count
                 A         B        C        D         E       F
            +---------+---------+-------+---------+---------+-------
      Total |      63 |      40 |  38.8 |      25 |       4 |  13.8
            +---------+---------+-------+---------+---------+-------
        D:1 |      38 |       4 |   9.5 |      19 |       3 |  13.6
        D:2 |      25 |      36 |  59.0 |       6 |       1 |  14.3
            +---------+---------+-------+---------+---------+-------
